 Dungeon Crawl Stone Soup version 0.19-a0-1803-g97ff39f (webtiles) character file.

19065 Proteus the Unseen (level 12, -3/62 HPs)
             Began as a Spriggan Assassin on Oct 5, 2016.
             Was the Champion of Okawaru.
             Splashed by an oklob plant's acid (15 damage)
             ... on level 3 of the Lair of Beasts.
             The game lasted 00:54:55 (18690 turns).

Proteus the Unseen (Spriggan Assassin)             Turns: 18690, Time: 00:54:56

Health: -3/62      AC:  1    Str:  7    XL:     12   Next: 33%
Magic:  14/14      EV: 29    Int: 13    God:    Okawaru [******]
Gold:   789        SH:  0    Dex: 22    Spells: 1 memorised, 10 levels left

rFire  . . .     SeeInvis +     z - +2 dagger (venom)
rCold  + + .     Gourm    .     c - +0 robe
rNeg   . . .     Faith    +     (shield restricted)
rPois  +         Spirit   .     W - +2 hat
rElec  .         Dismiss  .     f - +2 cloak {MR+}
rCorr  .         Reflect  .     (gloves unavailable)
MR     ++++.     Harm     .     (boots unavailable)
Stlth  ++++++++..               n - amulet of faith
                                N - ring of poison resistance
                                O - ring of Spite {*Drain *Slow rC++ MR+ Slay+4}

@: corroded, slowed, quick
A: unfitting armour, yellow scales 1, see invisible, herbivore 3, speed 3, high
mp 1, slow metabolism 2, MP-powered wands
a: Heroism, Finesse, Renounce Religion


You were on level 3 of the Lair of Beasts.
You worshipped Okawaru.
Okawaru was exalted by your worship.
You were not hungry.

You visited 3 branches of the dungeon, and saw 14 of its levels.

You collected 789 gold pieces.

Inventory:

Hand Weapons
 a - a +2 dagger of draining
 b - a +0 blowgun
 h - a +1 dagger of draining
 p - a +0 dagger of holy wrath
 z - a +2 dagger of venom (weapon)
Missiles
 e - 27 poisoned needles
 A - 6 steel tomahawks
 D - 10 curare-tipped needles
 Q - a throwing net (quivered)
 R - 4 needles of sleeping
 V - 7 needles of confusion
Armour
 c - a +0 robe (worn)
 f - a +2 cloak of magic resistance (worn)
 W - a +2 hat (worn)
Jewellery
 n - an amulet of faith (around neck)
 r - a +2 ring of evasion
 H - an uncursed ring of magical power
 N - a ring of poison resistance (right hand)
 O - the ring of Spite (left hand) {*Drain *Slow rC++ MR+ Slay+4}
   (You found it on level 2 of the Lair of Beasts)

   [ring of protection from magic]

   It affects your accuracy and damage with ranged weapons and melee attacks
   (+4).
   It greatly protects you from cold.
   It affects your resistance to hostile enchantments.
   It causes draining when unequipped.
   It may slow you when you take damage.
Wands
 m - a wand of polymorph (12/24)
 x - a wand of flame (8/48)
 K - a wand of teleportation (4/9)
 L - a wand of disintegration (16/24)
Scrolls
 t - a scroll of fear
 u - 3 scrolls of recharging
 w - 5 scrolls of identify
 y - 2 scrolls of magic mapping
 C - a scroll of teleportation
 F - a scroll of remove curse
 S - 2 scrolls of amnesia
Potions
 j - 2 potions of magic
 k - 2 potions of brilliance
 q - 3 potions of flight
 s - 2 potions of lignification
 v - 2 potions of cure mutation
 E - a potion of cancellation
 J - 2 potions of curing
 M - 2 potions of mutation
Books
 d - a book of Debilitation

   Spells                             Type                      Level
   a - Corona                         Hexes                        1
   b - Slow                           Hexes                        2
   c - Gell's Gravitas                Hexes/Translocation          3
   d - Inner Flame                    Hexes/Fire                   3
   e - Cause Fear                     Hexes                        4
   f - Leda's Liquefaction            Hexes/Earth                  4
 l - a book of Flames

   Spells                             Type                      Level
   a - Flame Tongue                   Conjuration/Fire             1
   b - Throw Flame                    Conjuration/Fire             2
   c - Conjure Flame                  Conjuration/Fire             3
   d - Inner Flame                    Hexes/Fire                   3
   e - Sticky Flame                   Conjuration/Fire             4
   f - Fireball                       Conjuration/Fire             5
 o - a book of Conjurations

   Spells                             Type                      Level
   a - Magic Dart                     Conjuration                  1
   b - Searing Ray                    Conjuration                  2
   c - Dazzling Spray                 Conjuration/Hexes            3
   d - Fulminant Prism                Conjuration/Hexes            4
   e - Iskenderun's Mystic Blast      Conjuration                  4
   f - Iskenderun's Battlesphere      Conjuration/Charms           5
 B - a book of Enchantments

   Spells                             Type                      Level
   a - Cause Fear                     Hexes                        4
   b - Yara's Violent Unravelling     Hexes/Transmutation          5
   c - Silence                        Hexes/Air                    5
   d - Deflect Missiles               Charms/Air                   6
   e - Discord                        Hexes                        8
 I - Sif Muna's Volume of Rationality
   (You found it on level 1 of the Lair of Beasts)

   Spells                             Type                      Level
   a - Static Discharge               Conjuration/Air              3
   b - Ice Form                       Ice/Transmutation            4
   c - Silence                        Hexes/Air                    5
   d - Conjure Ball Lightning         Conjuration/Air              6
 P - a book of Cantrips

   Spells                             Type                      Level
   a - Confusing Touch                Hexes                        1
   b - Animate Skeleton               Necromancy                   1
   c - Summon Small Mammal            Summoning                    1
   d - Apportation                    Translocation                1
 T - a book of Maledictions

   Spells                             Type                      Level
   a - Corona                         Hexes                        1
   b - Ensorcelled Hibernation        Hexes/Ice                    2
   c - Confuse                        Hexes                        3
   d - Tukima's Dance                 Hexes                        3
   e - Dazzling Spray                 Conjuration/Hexes            3
Comestibles
 g - 7 bread rations
 U - 4 fruits


   Skills:
 + Level 6.6 Fighting
 + Level 9.1 Short Blades
 + Level 8.1 Throwing
 + Level 10.7 Dodging
 * Level 19.7 Stealth


You had 10 spell levels left.
You knew the following spells:

 Your Spells              Type           Power        Failure   Level  Hunger
a - Apportation           Tloc           #.........   30%         1    ##.....


Dungeon Overview and Level Annotations

Branches:
Dungeon (10/15)            Temple (1/1) D:4            Lair (3/6) D:9
 Spider (0/4) Lair:3          Orc (0/2) D:9
  Swamp: Lair:2-4    Shoals: Lair:2-4

Altars:
Ashenzari
Cheibriados
Dithmenos
Elyvilon
Fedhas
Gozag
Hepliaklqana
Kikubaaqudgha
Makhleb
Nemelex Xobeh
Okawaru
Qazlal
Ru
Sif Muna
Trog
Uskayaw
Vehumet
Xom
Yredelemnul
Zin
The Shining One

Shops:
D:8 *:[(

Annotations:
D:9 1 runed door
Lair:3 exclusion: oklob plant


Innate Abilities, Weirdness & Mutations

You are very small and have problems with some larger weapons.
You are too small for most types of armour.
You have supernaturally acute eyesight. (SInv)
You are a herbivore.
You cover ground extremely quickly.
You need consume almost no food.
You are partially covered in yellow scales. (AC +2)
You have an increased reservoir of magic. (+10% MP)
You expend magic power (3 MP) to strengthen your wands.


Message History

The splash of acid hits you! The acid corrodes you!
You are splashed with acid!
The acid burns!
You feel yourself slow down.
You hit the oklob plant but do no damage.
The oklob plant looks as sick as possible!
The oklob plant is almost destroyed.
You hit the oklob plant but do no damage.
The oklob plant looks as sick as possible!
The oklob plant is almost destroyed.
You hit the oklob plant but do no damage.
The oklob plant is almost destroyed.
The oklob plant spits acid at you. The splash of acid misses you.
You hit the oklob plant but do no damage.
The oklob plant looks as sick as possible!
The oklob plant is almost destroyed.
The oklob plant spits acid at you. The splash of acid hits you!
* * * LOW HITPOINT WARNING * * *
You are splashed with acid!
The acid burns!
You die...

#### #P.# #@$#
############.P## #
#####.##.P##..#....###
#.###
........PP..............
.....
.###.#..................
≈≈≈≈.
####.##....##.#.###.....
≈≈≈≈≈ #.#..###..P####.#
....≈ ##≈≈
.....###....###.#
.....≈≈# ##≈
#....#.#.....#..#
#....≈≈# #≈


You could see an oklob plant.

Vanquished Creatures
  Harold (Lair:2)
  4 death yaks
  A hill giant (D:10)
  A centaur skeleton (D:10)
  Maurice (D:10)
  2 spiny frogs
  A torpor snail (Lair:2)
  2 rime drakes
  2 komodo dragons (Lair:2)
  A troll (D:8)
  Prince Ribbit (D:6)
  5 blink frogs
  4 hippogriffs
  Sigmund (D:3)
  23 yaks
  A basilisk (Lair:2)
  3 hogs (D:7)
  A human (D:7)
  Grum (D:8)
  Menkaure (D:7)
  Edmund (D:6)
  6 water moccasins
  6 porcupines
  Duvessa (D:7)
  6 orc warriors
  2 sky beasts (D:5)
  An ice beast (D:8)
  A black bear (D:9)
  A phantom (D:5)
  6 ogres
  7 wolves
  3 centaurs
  2 big kobolds (D:7)
  3 crocodiles
  10 bullfrogs
  5 scorpions
  A water moccasin skeleton (D:7)
  Dowan (D:7)
  A howler monkey (D:6)
  2 electric eels (Lair:1)
  3 crimson imps
  3 hounds
  Crazy Yiuf (D:3)
  4 orc priests
  6 iguanas
  9 orc wizards
  7 worker ants
  A hound zombie (D:8)
  2 hound skeletons
  A worker ant zombie (D:9)
  15 adders
  16 river rats
  2 shadow imps
  An adder zombie (D:9)
  3 worms (D:2)
  3 dart slugs
  7 leopard geckos
  45 orcs
  8 bats
  5 giant cockroaches
  4 goblins
  6 hobgoblins
  3 jackals (D:1)
  19 kobolds
  3 quokkas
  3 ball pythons
  6 frilled lizards
  2 leopard gecko zombies
  A quokka zombie (D:8)
  5 rats
  A plant (Lair:3)
318 creatures vanquished.

Vanquished Creatures (others)
  A bush (Lair:3)
  3 fungi
  13 plants
17 creatures vanquished.

Grand Total: 335 creatures vanquished

Notes
Turn   | Place    | Note
-------+----------+-------------------------------------------
     0 | D:1      | Proteus the Spriggan Assassin began the quest for the Orb.
     0 | D:1      | Reached XP level 1. HP: 10/10 MP: 2/2
   108 | D:1      | Reached skill level 6 in Stealth
   229 | D:1      | Reached XP level 2. HP: 13/14 MP: 3/3
   506 | D:1      | Reached skill level 7 in Stealth
  1174 | D:1      | Reached XP level 3. HP: 18/18 MP: 4/4
  1478 | D:2      | Reached skill level 8 in Stealth
  2119 | D:2      | Reached XP level 4. HP: 22/22 MP: 5/5
  2545 | D:3      | Noticed Sigmund
  2567 | D:3      | Killed Sigmund
  2567 | D:3      | Reached skill level 10 in Stealth
  2567 | D:3      | Reached XP level 5. HP: 25/25 MP: 6/6
  2788 | D:3      | Reached XP level 6. HP: 30/30 MP: 7/7
  2790 | D:3      | Reached skill level 11 in Stealth
  3094 | D:3      | Found a runed door.
  3297 | D:3      | Found a snail-covered altar of Cheibriados.
  3406 | D:3      | Noticed Crazy Yiuf
  3429 | D:3      | Killed Crazy Yiuf
  3614 | D:4      | Reached skill level 12 in Stealth
  3923 | D:4      | Found a staircase to the Ecumenical Temple.
  3934 | Temple   | Entered the Ecumenical Temple
  4220 | D:4      | Reached XP level 7. HP: 33/33 MP: 8/8
  4362 | D:5      | Entered Level 5 of the Dungeon
  4388 | D:5      | Reached skill level 13 in Stealth
  5368 | D:5      | Gained mutation: You expend magic power (3 MP) to strengthen your wands. [potion of mutation]
  5368 | D:5      | Gained mutation: You have an increased reservoir of magic. (+10% MP) [potion of mutation]
  5368 | D:5      | Gained mutation: You are partially covered in yellow scales. (AC +2) [potion of mutation]
  5464 | D:5      | Reached XP level 8. HP: 39/39 MP: 9/9
  5665 | D:6      | Reached skill level 14 in Stealth
  5792 | D:6      | Found a deep blue altar of Sif Muna.
  5795 | D:6      | Noticed Prince Ribbit
  5824 | D:6      | Killed Prince Ribbit
  5894 | D:6      | Noticed Edmund
  5901 | D:6      | Killed Edmund
  5901 | D:6      | Reached skill level 5 in Dodging
  6372 | D:7      | Reached XP level 9. HP: 36/44 MP: 10/10
  6751 | D:7      | Reached skill level 15 in Stealth
  6887 | D:7      | Noticed Duvessa
  7008 | D:7      | Noticed Dowan
  7022 | D:7      | Killed Dowan
  7068 | D:7      | Killed Duvessa
  7238 | D:7      | Reached skill level 5 in Short Blades
  7410 | D:7      | Noticed Menkaure
  7424 | D:7      | Killed Menkaure
  8018 | D:7      | Reached skill level 5 in Throwing
  8159 | D:7      | Reached skill level 16 in Stealth
  8689 | D:8      | Reached XP level 10. HP: 45/49 MP: 12/12
  8854 | D:8      | Found Ycvoymoi's Antique Weapon Shoppe.
  8920 | D:8      | Found Hos Mugg's Gadget Shoppe.
  9046 | D:8      | Found Xinaphou's General Store.
  9104 | D:8      | Found Wypnul's Antique Armour Boutique.
  9113 | D:8      | Found a glowing silver altar of Zin.
  9203 | D:8      | Found Assesy's Book Shoppe.
  9262 | D:8      | Noticed Grum
  9284 | D:8      | Killed Grum
  9787 | D:9      | Found a staircase to the Lair.
  9854 | D:9      | Found a runed door.
  9854 | D:9      | Noticed a yaktaur captain
  9854 | D:9      | Noticed a deep elf mage
  9854 | D:9      | Noticed an orc knight
  9856 | D:9      | Noticed a stone giant
  9856 | D:9      | Noticed a wolf spider
  9856 | D:9      | Noticed a stone giant
  9856 | D:9      | Noticed a frost giant
  9894 | D:9      | Found a staircase to the Orcish Mines.
  9920 | D:9      | Found an iron altar of Okawaru.
  9928 | D:9      | Became a worshipper of Warmaster Okawaru
 10415 | D:10     | Entered Level 10 of the Dungeon
 11061 | D:10     | Reached * piety under Okawaru
 11672 | D:10     | Reached skill level 5 in Fighting
 11672 | D:10     | Reached skill level 17 in Stealth
 11815 | D:10     | Reached ** piety under Okawaru
 12128 | D:10     | Noticed a hill giant
 12214 | D:10     | Killed a hill giant
 12214 | D:10     | Reached *** piety under Okawaru
 12392 | D:10     | Noticed Maurice
 12415 | D:10     | Killed Maurice
 12415 | D:10     | Reached XP level 11. HP: 56/56 MP: 13/13
 12710 | Lair:1   | Entered Level 1 of the Lair of Beasts
 13080 | D:8      | HP: 2/56 [poisoned by a spiny frog]
 13088 | D:8      | HP: 2/56 [poisoned by a spiny frog]
 13745 | Lair:1   | Identified Sif Muna's Volume of Rationality
 13822 | Lair:1   | Reached **** piety under Okawaru
 13998 | Lair:1   | Noticed a five-headed hydra
 14399 | Lair:1   | Reached skill level 18 in Stealth
 15435 | Lair:2   | Reached ***** piety under Okawaru
 15661 | Lair:2   | Got a scorched brass ring
 15663 | Lair:2   | Identified the ring of Spite {*Drain *Slow rC++ MR+ Slay+4} (You found it on level 2 of the Lair of Beasts)
 15675 | Lair:2   | Learned a level 1 spell: Apportation
 15677 | Lair:2   | Noticed Harold
 15713 | Lair:2   | Killed Harold
 15951 | Lair:2   | Received a gift from Okawaru
 16314 | Lair:2   | Noticed a death yak
 16317 | Lair:2   | Received a gift from Okawaru
 16321 | Lair:2   | Noticed a death yak
 16337 | Lair:2   | Killed a death yak
 16337 | Lair:2   | Reached skill level 10 in Dodging
 16612 | Lair:2   | Reached skill level 19 in Stealth
 16679 | Lair:2   | Received a gift from Okawaru
 16921 | Lair:2   | Killed a death yak
 16994 | Lair:2   | Reached XP level 12. HP: 61/61 MP: 14/14
 17432 | Lair:3   | Noticed a death yak
 17436 | Lair:3   | Noticed a death yak
 17437 | Lair:3   | Noticed a death yak
 17793 | Lair:3   | Received a gift from Okawaru
 17801 | Lair:3   | Reached ****** piety under Okawaru
 18056 | Lair:3   | Killed a death yak
 18166 | Lair:3   | Killed a death yak
 18349 | Lair:3   | Found a hole to the Spider Nest.
 18379 | Lair:3   | Received a gift from Okawaru
 18690 | Lair:3   | Splashed by an oklob plant's acid

Vault maps used:
D:1:      saegor_arrival_simple_b
D:3:      kennysheep_slug_shrine, uniq_sigmund, uniq_crazy_yiuf_cottage
D:4:      first_bread
D:6:      lemuel_round_altar, uniq_edmund, uniq_prince_ribbit1
D:7:      grunt_livestock, minmay_misc_feat_room, uniq_duvessa, uniq_menkaure
D:8:      zin_scriptorium, serial_shops, kennysheep_mini, shop, shop, shop,
          shop_statue, uniq_grum
D:9:      minmay_gate_of_8, okawaru_trees_2, lair_0_dummy, orc_0_dummy
D:10:     uniq_maurice
Temple:   minmay_crystal_spiral_temple
Lair:1:   serial_bayou, serial_bayou_shore_a, serial_bayou_pond_c,
          serial_bayou_pond_b, serial_bayou_lagoon_a
Lair:2:   grunt_megastairs_4, uniq_harold
Lair:3:   minmay_lair_oklob_chamber, minmay_shoals_entry_hut, dummy_spider_entry

Skill      XL: |  1  2  3  4  5  6  7  8  9 10 11 12 |
---------------+-------------------------------------+-----
Stealth        | 6 7 8 10 12 13 14 16 17 19 | 19.7
Dodging        | 3 5 7 8 10 | 10.7
Fighting       | 2 3 4 5 6 |  6.6
Short Blades   | 3 4 5 7 8 9 |  9.1
Throwing       | 4 5 6 7 8 |  8.1

Action                   |  1- 3 |  4- 6 |  7- 9 | 10-12 || total
-------------------------+-------+-------+-------+-------++-------
Melee: Dagger            |   107 |    90 |   464 |  1033 ||  1694
 Fire: Blowgun           |       |    10 |    21 |   103 ||   134
Evoke: Wand              |       |       |    14 |       ||    14
  Use: Scroll            |    10 |     5 |    11 |     8 ||    34
       Potion            |       |       |     5 |     3 ||     8
 Stab: Sleeping          |    10 |    15 |    18 |    36 ||    79
       Distracted        |       |     3 |     3 |     7 ||    13
  Eat: Royal jelly       |       |     1 |       |       ||     1
       Bread ration      |       |       |     1 |       ||     1
       Pizza             |       |       |       |     8 ||     8
Armor: Robe              |    17 |     4 |    35 |    61 ||   117
Dodge: Dodged            |    82 |    34 |   285 |   743 ||  1144
